 Dungeon Crawl Stone Soup version 0.25-a0-632-g7713895373 (webtiles) character file.

Game seed: 5557240489486051694, levelgen mode: classic

424 EnegeticOcto the Slasher (level 6, -3/43 HPs)
             Began as an Octopode Fighter on Mar 19, 2020.
             Killed by divine providence
             ... invoked by an orc priest
              (13 damage)
             ... on level 3 of the Dungeon.
             The game lasted 00:01:41 (3274 turns).

EnegeticOcto the Slasher (Octopode Fighter)         Turns: 3274, Time: 00:01:41

Health: -3/43      AC:  1    Str: 15    XL:     6   Next: 96%
Magic:  6/6        EV: 13    Int: 11    God:
Gold:   79         SH: 10    Dex: 13    Spells: 5/5 levels left

rFire    . . .     SeeInvis +   a - +1 long sword
rCold    . . .     Gourm    .   b - +1 kite shield
rNeg     . . .     Faith    .   (helmet restricted)
rPois    .         Spirit   .   (no amulet)
rElec    .         Reflect  .   i - ring of see invisible
rCorr    .         Harm     .   (no ring)
MR       .....                  (no ring)
Stlth    ++........             (no ring)
HPRegen  0.14/turn              (no ring)
MPRegen  0.10/turn              (no ring)
                                (no ring)
                                (no ring)

@: no status effects
A: almost no armour, stealthy swim, amphibious, 8 rings, constrict 8, camouflage
1, gelatinous body 1
a: no special abilities


You were on level 3 of the Dungeon.
You were not hungry.

You visited 1 branch of the dungeon, and saw 3 of its levels.

You collected 79 gold pieces.

Inventory:

Hand Weapons
 a - a +1 long sword (weapon)
Armour
 b - a +1 kite shield (worn)
Jewellery
 i - a ring of see invisible (left tentacle)
Scrolls
 d - 2 scrolls of teleportation {@r2}
 f - a scroll of remove curse {@r6}
 l - a scroll of enchant armour
Potions
 g - a potion of curing {@q1}
 h - a potion of invisibility {unknown}
 j - a potion of flight
 k - 2 potions of might {@q3}
 n - a potion of heal wounds {@q2}
 p - a potion of lignification {unknown}
Comestibles
 c - 14 chunks of flesh
 e - 10 rations


   Skills:
 + Level 4.3 Fighting
 * Level 4.7 Long Blades
 + Level 4.2 Dodging
 + Level 4.3 Shields


You had 5 spell levels left.
You didn't know any spells.
Your spell library was empty.

Dungeon Overview and Level Annotations

Branches:
Dungeon (3/15)

Altars:


Innate Abilities, Weirdness & Mutations

You cannot wear most types of armour.
You are very stealthy in the water. (Stealth+)
You are amphibious.
You can wear up to eight rings at the same time.
You can use your tentacles to constrict eight enemies at once.
Your skin changes colour to match your surroundings (Stealth+).
Your rubbery body absorbs attacks. (AC +1, EV +1)


Message History

Things that are here:
a +0 dagger; an orc corpse You butcher the orc corpse.
c - 8 chunks of flesh (gained 3)
Things that are here:
a +0 dagger; an orc skeleton
Things that are here:
a +0 dagger; an orc skeleton
Found 21 bolts.
You see here 21 bolts.
A hobgoblin comes into view. It is wielding a +0 club.
Found a stone staircase leading up.
Found a runed dagger.
A hobgoblin is nearby!
A worm comes into view.
The helpless hobgoblin fails to defend itself.
You hit the hobgoblin but do no damage. Your grab misses the hobgoblin.
You block the hobgoblin's attack. The hobgoblin barely misses you.
You barely miss the hobgoblin. Your grab misses the hobgoblin.
You block the hobgoblin's attack.
You hit the hobgoblin but do no damage. You grab the hobgoblin.
You constrict the hobgoblin, but do no damage.
You block the hobgoblin's attack.
You slash the hobgoblin!
You kill the hobgoblin!
You see here a +0 club.
The worm bites you.
You hit the worm. You grab the worm. You squeeze the worm.
The worm is heavily wounded.
You constrict the worm. You slash the worm!
You kill the worm!
No target in view!
You butcher the worm corpse.
c - 11 chunks of flesh (gained 3) Some of the chunks of flesh in your inventory have rotted away.
A hobgoblin comes into view.
A hobgoblin is nearby!
A hobgoblin is nearby!
A hobgoblin is nearby!
A hobgoblin is nearby!
There is a stone staircase leading up here.
You see here a runed dagger.
A hobgoblin is nearby!
A hobgoblin is nearby!
A hobgoblin is nearby!
The helpless hobgoblin fails to defend itself.
You hit the hobgoblin but do no damage. You grab the hobgoblin.
You constrict the hobgoblin. You block the hobgoblin's attack.
You slash the hobgoblin!
You kill the hobgoblin!
No target in view!
No target in view!
No target in view!
No target in view!
You butcher the hobgoblin corpse.
c - 14 chunks of flesh (gained 4)
You see here a hobgoblin skeleton. x2 2 orcs, an orc priest and an orc wizard come into view.
The orc shouts!
The orc priest shouts!
The orc shouts!
The orc wizard shouts!
The orc wizard casts a spell at you. The magic dart hits you.
The orc moves out of view.
The orc priest moves out of view.
You hear a shout!
There are monsters nearby!
There are monsters nearby!
There are monsters nearby!
There are monsters nearby! 2 orcs come into view.
An orc is wielding a +0 vampiric trident.
You hit the orc. Your grab misses the orc.
The orc is lightly wounded.
The orc wizard casts a spell.
The orc wizard blinks!
You block the orc's attack.
An adder comes into view.
The orc wizard gestures wildly while chanting.
The orc wizard blinks!
You hit the orc but do no damage. Your grab misses the orc.
The orc is lightly wounded.
The orc hits you with a +0 flail.
The orc priest mumbles some strange prayers to Beogh against you.
Beogh smites you!
You hit the orc. You grab the orc. You squeeze the orc.
You kill the orc!
You block the orc's attack.
You barely miss the orc priest. You grab the orc priest.
You constrict the orc priest. You block the orc's attack.
The orc priest invokes the aid of Beogh against you.
Beogh smites you!
* * * LOW HITPOINT WARNING * * *
You are too injured to fight recklessly!
You are too injured to fight recklessly!
You are too injured to fight recklessly!
You are too injured to fight recklessly!
You are too injured to fight recklessly!
You are too injured to fight recklessly!
You release your grip on the orc priest.
The orc priest calls down the wrath of Beogh upon you.
Beogh smites you!
You die...

### ..# # #.# ##### #.
#.# #... #.# #.# ##.## #
#.###.######...#####
....###.@.........)<...).
#...o#####รท###...#####
##.oo# #.# ##.## .....o#
#.# #.# #....oS. #.# #.#
......... #.# #.# .
##........ #.# #.# ##.
####...## #.# #.######
#.. #...# #.# #.#.....


You could see an orc priest, an orc wizard, an adder and 3 orcs.

Vanquished Creatures
  Sigmund (D:2)
  An ogre (D:2)
  10 adders
  An ooze (D:3)
  3 worms
  3 dart slugs
  3 leopard geckos
  2 orcs (D:3)
  5 goblins
  10 hobgoblins
  7 jackals
  4 kobolds
  10 bats
  6 frilled lizards
  7 rats
73 creatures vanquished.

Notes
Turn   | Place    | Note
-------+----------+-------------------------------------------
     0 | D:1      | EnegeticOcto the Octopode Fighter began the quest for the
                  | Orb.
     0 | D:1      | Reached XP level 1. HP: 16/16 MP: 1/1
   162 | D:1      | Reached XP level 2. HP: 21/21 MP: 2/2
   647 | D:1      | Reached XP level 3. HP: 22/26 MP: 3/3
  1376 | D:2      | Noticed an ogre
  1388 | D:2      | Killed an ogre
  1388 | D:2      | Reached XP level 4. HP: 8/33 MP: 4/4
  1388 | D:2      | Reached XP level 5. HP: 9/37 MP: 5/5
  2325 | D:2      | Noticed Sigmund
  2346 | D:2      | Killed Sigmund
  2346 | D:2      | Reached XP level 6. HP: 43/43 MP: 6/6
  3274 | D:3      | Killed from afar by an orc priest

Levels and vault maps discovered:
D:1:      minmay_arrival_jagged, layout_loops_corners
D:2:      kennysheep_six_static_rooms, layout_basic, uniq_sigmund
D:3:      layout_loops_ring

Skill      XL: |  1  2  3  4  5 |
---------------+----------------+-----
Long Blades    | 3 4 |  4.7
Fighting       | 4 |  4.3
Dodging        | 4 |  4.2
Shields        | 4 |  4.3

Action                   |  1- 3 |  4- 6 || total
-------------------------+-------+-------++-------
Melee: Long sword        |    57 |    76 ||   133
       Constrict         |    13 |    26 ||    39
       Tentacles         |    10 |    18 ||    28
  Use: Scroll            |       |    11 ||    11
 Stab: Sleeping          |     3 |    13 ||    16
  Eat: Chunk             |     1 |     6 ||     7
Armor: Skin              |     5 |     2 ||     7
Dodge: Dodged            |    19 |    28 ||    47
Block: Kite shield       |    26 |    35 ||    61
       Rpst.: Long sword |     6 |     8 ||    14

Table legend:
 A = Non-vault XP
 B = Vault XP
 C = Vault XP percentage of total XP
 D = Non-vault monster count
 E = Vault monster count
 F = Vault count percentage of total count
                 A         B        C        D         E       F
            +---------+---------+-------+---------+---------+-------
      Total |     370 |     237 |  39.0 |      66 |       7 |   9.6
            +---------+---------+-------+---------+---------+-------
        D:1 |      44 |       0 |   0.0 |      23 |       0 |   0.0
        D:2 |     218 |     237 |  52.1 |      20 |       7 |  25.9
        D:3 |     108 |       0 |   0.0 |      23 |       0 |   0.0
            +---------+---------+-------+---------+---------+-------
